 Dungeon Crawl Stone Soup version 0.31-a0-229-g1fc7ce93e2 (webtiles) character file.

Game seed: 14221006278264518942

188 qw the Shooter (level 5, -11/45 HPs)
             Began as a Minotaur Hexslinger on July 6, 2023.
             Killed by divine providence
             ... invoked by an orc priest
              (12 damage)
             ... on level 3 of the Dungeon.
             The game lasted 00:00:41 (1564 turns).

qw the Shooter (Minotaur Hexslinger)                Turns: 1564, Time: 00:00:42

Health: -11/45     AC:  4    Str: 13    XL:     5   Next: 39%
Magic:  5/5        EV: 12    Int: 10    God:
Gold:   112        SH:  0    Dex: 14    Spells: 5/6 levels left

rFire   . . .        Y - +1 sling
rCold   . . .        (no shield)
rNeg    . . .        f - +2 robe {Will+}
rPois   .            (helmet restricted)
rElec   .            (no cloak)
rCorr   .            (no gloves)
SInv    .            (no boots)
Will    +....        (no amulet)
Stlth   +            (no ring)
HPRegen 0.27/turn    (no ring)
MPRegen 0.09/turn

%: no passive effects
@: no status effects
A: horns 2, retaliatory headbutt
a: no special abilities


You were on level 3 of the Dungeon.
You visited 1 branch of the dungeon, and saw 3 of its levels.

You collected 112 gold pieces.


Innate Abilities, Weirdness & Mutations

You have a pair of horns on your head.
You reflexively headbutt those who attack you in melee.


   Skills:
 - Level 3.0 Fighting
 + Level 5.6 Ranged Weapons
 - Level 2.1 Dodging
 - Level 1.0 Spellcasting
 - Level 2.0 Hexes


You had 5 spell levels left.
You knew the following spells:

 Your Spells              Type           Power      Damage    Failure   Level
a - Slow                  Hex            16%        N/A       16%         1

Your spell library contained the following spells:

 Spells                   Type           Power      Damage    Failure   Level
 Inner Flame              Hex/Fire       2%         N/A       56%         3
 Portal Projectile        Hex/Tloc       4%         N/A       56%         3
 Cause Fear               Hex            2%         N/A       83%         4

Inventory:

Hand Weapons
 Y - a +1 sling (weapon)
Armour
 f - a +2 robe of willpower (worn)
Potions
 a - a potion of heal wounds {unknown}
 b - a potion of enlightenment {unknown}
 c - a potion of lignification {unknown}
 d - a potion of brilliance {unknown}
 e - a potion of ambrosia {unknown}
 g - a potion of might {unknown}

Dungeon Overview and Level Annotations

Branches:
Dungeon (3/15)

Altars:

Shops:
D:3 (


Message History

The orc hits you with a +0 club. The adder bites you but does no damage.
You shoot a sling bullet. The sling bullet hits the adder!
You kill the adder!
You feel sick. The orc misses you.
You shoot a sling bullet. The sling bullet barely misses the orc.
You feel sick.
You are no longer poisoned.
The orc closely misses you.
The orc priest calls down the wrath of Beogh upon you.
Pain shoots through your body!
You shoot a sling bullet.
The sling bullet hits the orc but does no damage.
The orc hits you but does no damage. x2
The orc priest invokes the aid of Beogh against you.
Pain shoots through your body!
You shoot a sling bullet.
The sling bullet barely misses the orc priest.
The sling bullet closely misses the orc.
The sling bullet closely misses the hobgoblin.
The orc hits you with a +0 club. The orc priest barely misses you.
You shoot a sling bullet.
The sling bullet closely misses the orc priest.
The sling bullet closely misses the orc.
The sling bullet closely misses the hobgoblin.
The orc hits you but does no damage.
The orc priest invokes the aid of Beogh against you.
Beogh smites you!
You shoot a sling bullet.
The sling bullet barely misses the orc priest.
The sling bullet hits the orc.
The orc is lightly wounded.
The orc misses you.
The orc priest mumbles some strange prayers to Beogh against you.
Beogh smites you!
You shoot a sling bullet.
The sling bullet hits the orc priest but does no damage.
The orc completely misses you.
The orc priest calls down the wrath of Beogh upon you.
Beogh smites you!
You die...

#.#.....#...(.#
#.##...######<#
#)#####.# #.#
...# #.# #.#
#.###.# ...
#.....# #.#
#.##### #.#
.######.# #.#
..)..oo@# ...
.##...og.......
........###.###
###.###.# #.
#.# . #.# # #..
#..


You could see an orc priest, 2 orcs and a hobgoblin.

Vanquished Creatures
  A scorpion (D:2)
  3 gnolls (D:2)
  4 adders
  2 worms (D:2)
  2 dart slugs
  2 orcs (D:3)
  5 endoplasms (D:2)
  A giant cockroach (D:1)
  3 goblins
  6 hobgoblins
  10 jackals
  A quokka (D:2)
  A ball python (D:1)
  A bat (D:2)
  3 frilled lizards
  2 kobolds
  8 rats
55 creatures vanquished.

Notes
Turn   | Place    | Note
-------+----------+-------------------------------------------
     0 | D:1      | qw the Minotaur Hexslinger began the quest for the Orb.
     0 | D:1      | Reached XP level 1. HP: 16/16 MP: 1/1
     0 | D:1      | 0 ||| qw: Version: 0.3-a-46-gb1f654a
     0 | D:1      | 0 ||| qw: Game counter: 1313
     0 | D:1      | 0 ||| qw: Melee chars always use a shield: true
     0 | D:1      | 0 ||| qw: God list: Okawaru
     0 | D:1      | 0 ||| qw: Allow faded altars: false
     0 | D:1      | 0 ||| qw: Do Orc after clearing Dungeon:15 true
     0 | D:1      | 0 ||| qw: Do second Lair branch before Depths: true
     0 | D:1      | 0 ||| qw: Lair rune preference: random
     0 | D:1      | 0 ||| qw: Goals: Normal
     0 | D:1      | 0 ||| PLANNING D:1-11
   131 | D:1      | Found a faded altar of an unknown god.
   203 | D:1      | Reached skill level 3 in Ranged Weapons
   240 | D:1      | Reached XP level 2. HP: 23/23 MP: 2/2
   557 | D:1      | 557 ||| UPGRADING to +2 robe of willpower.
   567 | D:1      | 567 ||| DROPPING +0 robe.
   568 | D:1      | 568 ||| READING scroll labelled TAQOLUUXZA.
   569 | D:1      | 569 ||| READING scroll labelled GECITODEK.
   570 | D:1      | 570 ||| READING scroll labelled HINUD BEXEA.
   571 | D:1      | 571 ||| DROPPING scroll of poison.
   587 | D:2      | Reached XP level 3. HP: 29/29 MP: 3/3
   682 | D:2      | 682 ||| Stepping ~*~*~tactically~*~*~ (outnumbered).
   684 | D:2      | 684 ||| Stepping ~*~*~tactically~*~*~ (outnumbered).
   688 | D:2      | Reached skill level 4 in Ranged Weapons
   689 | D:2      | 689 ||| Stepping ~*~*~tactically~*~*~ (outnumbered).
   691 | D:2      | 691 ||| Stepping ~*~*~tactically~*~*~ (outnumbered).
   815 | D:2      | Reached XP level 4. HP: 36/36 MP: 4/4
   837 | D:2      | Noticed a scorpion
   845 | D:2      | Killed a scorpion
   846 | D:2      | Reached skill level 5 in Ranged Weapons
   908 | D:2      | Reached XP level 5. HP: 42/42 MP: 5/5
  1181 | D:2      | Reached skill level 3 in Fighting
  1524 | D:3      | Found Qahukky's Weapon Shoppe.
  1563 | D:3      | HP: 1/45 [orc priest/divine providence (11)]
  1564 | D:3      | Killed from afar by an orc priest

Levels and vault maps discovered:
D:1:      shiori_shiawase, layout_basic,
          shapermc_ecumenical_altar_mp_urbaneastern, hex_medium
D:2:      layout_loops_corners
D:3:      layout_loops_ring, nicolae_overflow_hidden_temple, serial_shops, shop,
          nicolae_shop_bloodbath_and_beyond, shop, nicolae_lakefront_shop

Skill      XL: |  1  2  3  4  5 |
---------------+----------------+-----
Ranged Weapons | 3 4 5 |  5.6
Fighting       | 2 3 |  3.0
Dodging        | |  2.1
Spellcasting   | |  1.0
Hexes          | |  2.0

Action                     |  1- 3 |  4- 6 || total
---------------------------+-------+-------++-------
   Fire: Sling             |    88 |    98 ||   186
    Use: Scroll            |     3 |       ||     3
 Armour: Robe              |     7 |    13 ||    20
  Dodge: Dodged            |    39 |    30 ||    69

Table legend:
 A = Non-vault XP
 B = Vault XP
 C = Vault XP percentage of total XP
 D = Non-vault monster count
 E = Vault monster count
 F = Vault count percentage of total count
                 A         B        C        D         E       F
            +---------+---------+-------+---------+---------+-------
      Total |     269 |       0 |   0.0 |      55 |       0 |   0.0
            +---------+---------+-------+---------+---------+-------
        D:1 |      28 |       0 |   0.0 |      16 |       0 |   0.0
        D:2 |     221 |       0 |   0.0 |      36 |       0 |   0.0
        D:3 |      20 |       0 |   0.0 |       3 |       0 |   0.0
            +---------+---------+-------+---------+---------+-------
